Map: Oxide LE

Players

SKillous - Winner!

  • Race: Protoss Protoss
  • League: Grandmaster
  • Spawn Location: 1:00

Rail

  • Race: Protoss Protoss
  • League: Master
  • Spawn Location: 7:00

Event: DreamHack SC2 Masters 2020 Winter

VOD

Have the link to the VOD?

Description

Time

  • Played on: Nov. 4, 2020, 12:09 p.m.
  • Length: 9:22

All games in this series

Show
View Real Time Build Order
Export as new Build Order

SKillous Protoss - Winner!

Build Orders: Oracle Opening 

Get SALT Encoding   

  12  0:00  Probe  
  13  0:12  Probe  
  14  0:17  Pylon  
  14  0:24  Probe (Chrono Boost)  
  15  0:36  Probe (Chrono Boost)  
  15  0:37  Gateway  
  16  0:44  Probe (Chrono Boost)  
  16  0:45  Assimilator  
  17  0:51  Probe  
  17  0:55  Assimilator  
  18  1:03  Probe (Chrono Boost)  
  19  1:10  Gateway  
  19  1:12  Probe (Chrono Boost)  
  19  1:17  Probe (Chrono Boost)  
  20  1:25  Cybernetics Core  
  21  1:29  Probe  
  22  1:36  Pylon  
  22  1:41  Probe  
  22  1:45  Pylon  
  23  2:02  Warp Gate  
  23  2:03  Stalker x2, Probe  
  28  2:21  Pylon  
  28  2:34  Stalker  
  30  2:39  Stalker  
  30  2:42  Stargate  
  31  3:01  Nexus  
  31  3:08  Probe  
  32  3:16  Void Ray (Chrono Boost)  
  32  3:20  Probe  
  37  3:28  Pylon  
  37  3:32  Probe  
  38  3:36  Shield Battery  
  38  3:50  Oracle (Chrono Boost)  
  41  4:00  Probe  
  41  4:02  Twilight Council  
  42  4:12  Probe (Chrono Boost)  
  43  4:17  Stalker  
  43  4:19  Probe (Chrono Boost)  
  43  4:21  Stalker  
  49  4:25  Probe (Chrono Boost)  
  49  4:29  Probe (Chrono Boost)  
  50  4:38  Probe x2  
  52  4:44  Blink  
  52  4:50  Probe x2  
  54  5:02  Probe x2  
  56  5:09  Assimilator  
  56  5:10  Pylon  
  56  5:14  Probe x2  
  56  5:26  Probe  
Show
View Real Time Build Order
Export as new Build Order

Rail Protoss 

Build Orders: Oracle Opening 

Get SALT Encoding   

  12  0:00  Probe  
  13  0:12  Probe  
  14  0:20  Pylon  
  14  0:24  Probe  
  15  0:38  Gateway, Probe (Chrono Boost)  
  16  0:46  Probe (Chrono Boost)  
  16  0:47  Assimilator  
  17  0:52  Probe  
  18  1:05  Probe  
  19  1:14  Assimilator  
  19  1:16  Pylon  
  19  1:17  Probe (Chrono Boost)  
  20  1:25  Cybernetics Core  
  20  1:28  Probe (Chrono Boost)  
  20  1:30  Zealot  
  23  1:33  Probe (Chrono Boost)  
  23  1:38  Pylon  
  24  1:43  Probe  
  25  1:55  Probe  
  26  2:02  Stalker  
  26  2:03  Warp Gate  
  26  2:07  Probe  
  30  2:27  Nexus  
  29  2:38  Stargate  
  29  2:40  Probe  
  30  2:52  Probe  
  30  2:56  Shield Battery  
  31  3:00  Pylon  
  30  3:06  Probe  
  30  3:11  Gateway  
  31  3:19  Probe, Oracle (Chrono Boost)  
  35  3:31  Probe  
  35  3:32  Shield Battery  
  36  3:39  Probe  
  37  3:43  Probe  
  38  3:51  Stalker  
  40  3:57  Probe  
  40  3:59  Probe  
  42  4:03  Gateway  
  42  4:06  Twilight Council  
  42  4:07  Stalker  
  42  4:09  Probe (Chrono Boost)  
  45  4:13  Probe (Chrono Boost)  
  45  4:15  Stalker  
  48  4:21  Probe (Chrono Boost)  
  50  4:25  Probe (Chrono Boost)  
  50  4:32  Probe (Chrono Boost)  
  50  4:33  Stalker  
  54  4:40  Pylon  
  54  4:43  Blink  
  54  4:46  Pylon  
  54  4:48  Probe  
  54  4:50  Shield Battery  
  49  4:58  Probe  
  47  5:00  Probe  
  47  5:05  Stalker x2  
  47  5:10  Probe  
  47  5:12  Probe  
Tags
 
Add a new tag
Caveats
  • Supply blocks, unpowered buildings, or Contaminate may cause inaccurate times.
  • Supply counts are checked every 10 seconds.